 Dungeon Crawl Stone Soup version bcrawl-1.27.6 (webtiles) character file.

Game seed: 10589430853831508608

502281 Faustar the Bludgeoner (level 14, -2/94 HPs)
             Began as a Gargoyle Berserker on Sept 14, 2020.
             Was a High Priest of Trog.
             Killed from afar by a merfolk aquamancer (9 damage)
             ... with a torrent of water
             ... on level 1 of the Shoals.
             The game lasted 00:41:52 (17614 turns).

Faustar the Bludgeoner (Gargoyle Berserker)        Turns: 17614, Time: 00:41:53

Health: -2/94      AC: 35    Str: 24    XL:     14   Next: 72%
Magic:  14/14      EV: 10    Int: 10    God:    Trog [*****.]
Gold:   1367       SH:  0    Dex:  9    Spells: 13/13 levels left

rFire    . . .     SeeInvis +   y - +0 dire flail
rCold    . . .     Gourm    .   (shield currently unavailable)
rNeg     + . .     Faith    .   x - +0 plate armour
rPois    ∞         Spirit   .   T - +1 hat {SInv}
rElec    +         Reflect  .   g - +2 cloak
rCorr    .         Harm     .   C - +1 pair of gloves
MR       ++...                  Y - +2 pair of boots {Fly}
Stlth    ..........             (no amulet)
HPRegen  0.25/turn              M - ring of protection from magic
MPRegen  0.14/turn              Z - ring of Jahaxzau {EV+2 Slay+2}

@: flying, very slightly contaminated, invisible
A: big wings, negative energy resistance 1, electricity resistance, unbreathing,
petrification resistance, rot immunity, AC +10
a: Stop Flying, Berserk, Trog's Hand, Brothers in Arms, Renounce Religion


You were on level 1 of the Shoals.
You worshipped Trog.
Trog was extremely pleased with you.
You were hungry.

You visited 5 branches of the dungeon, and saw 18 of its levels.
You also visited: Bailey and Gauntlet.

You collected 1367 gold pieces.

Inventory:

Hand Weapons
 k - the +7 long sword of the Singing Traitor {slice, +Rage +Fly rPois Stlth-, unknown}
   (You found it in a Gauntlet)

   It will always inflict at least some extra damage.
   This minimum extra damage increases with your current reserve of magical
   power.
   It protects you from poison.
   It lets you fly.
   It lets you go berserk.
   It makes you less stealthy.
 t - a +0 flail
 y - a +0 dire flail (weapon)
 U - the +16 sapphire dagger {flash freeze, rF- rC++ MR+}
   (Trog gifted it to you on level 2 of the Lair of Beasts)

   It has been specially enchanted to freeze those struck by it, increasing
   damage dealt by approximately one third against foes not resistant or
   susceptible to cold, and potentially slowing cold-blooded foes.
   It makes you vulnerable to fire.
   It greatly protects you from cold.
   It affects your resistance to hostile enchantments.
Missiles
 G - 2 throwing nets {=f}
Armour
 g - a +2 cloak (worn)
 x - a +0 plate armour (worn)
 C - a +1 pair of gloves (worn)
 O - a +0 medium shield
 T - a +1 hat of see invisible (worn)
 Y - a +2 pair of boots of flying (worn)
Jewellery
 b - the ring of Vodadet {+Fly rC+}
   (You took it off a minotaur in a Gauntlet)

   [ring of flight]

   It protects you from cold.
   It lets you fly.
 h - a +5 ring of strength
 I - an uncursed ring of magical power
 M - a ring of protection from magic (left hand)
 N - a +7 ring of strength
 Z - the ring of Jahaxzau (right hand) {EV+2 Slay+2}
   (You found it in a Gauntlet)

   [ring of evasion]

   It affects your evasion (+2).
   It affects your accuracy and damage with ranged weapons and melee attacks
   (+2).
Wands
 s - a wand of polymorph (5)
 V - a wand of paralysis (16)
Scrolls
 c - 3 scrolls of fog
 j - 13 scrolls of remove curse
 l - 7 scrolls of enchant weapon
 o - 5 scrolls of identify
 q - a scroll of fear
 v - 2 scrolls of magic mapping
 w - a scroll of blinking
 A - 2 scrolls of amnesia
 E - a scroll of silence {unknown}
 J - 2 scrolls of vulnerability
 K - 2 scrolls of enchant armour
 R - 2 scrolls of summoning
Potions
 d - 10 potions of curing
 f - a potion of magic
 i - a potion of invisibility
 n - 3 potions of agility
 p - a potion of flight
 r - 3 potions of might
 u - a potion of berserk rage
 z - a potion of mutation
 B - 4 potions of cancellation
 P - 2 potions of haste
 W - 2 potions of brilliance
Miscellaneous
 a - a fan of gales (inert)
 m - a sack of spiders
 D - a phial of floods (inert)
Comestibles
 e - 26 rations {!d}


   Skills:
 + Level 13.3 Fighting
 * Level 18.9 Maces & Flails
 + Level 11.0 Armour
 - Level 1.5 Dodging


You had 13 spell levels left.
You didn't know any spells.
Your spell library contained the following spells:

 Spells                   Type           Power        Failure   Level  Hunger
 Cause Fear               Hex            #.........   100%        4    ######.
 Bolt of Fire             Conj/Fire      #.........   100%        6    #######
 Dragon Form              Tmut           #......      100%        7    #######
 Dragon's Call            Summ           #.........   100%        9    #######
 Fire Storm               Conj/Fire      #.........   100%        9    #######


Dungeon Overview and Level Annotations

Branches:
Dungeon (9/12)             Temple (1/1) D:7            Lair (6/6) D:9
 Shoals (1/3) Lair:2        Snake (0/3) Lair:4        Slime (1/5) Lair:5
    Orc: D:8-11

Altars:
Ashenzari
Hepliaklqana
Okawaru
Jiyva

Shops:
D:4 [

Annotations:
D:8 1 runed translucent door, Freyura's ghost, novice GrFi


Innate Abilities, Weirdness & Mutations

You are resistant to torment.
Your stone body is resilient. (AC +10)
You are immune to poison.
Your large and strong wings let you fly indefinitely.
You resist negative energy. (rN+)
You are resistant to electric shocks. (rElec)
You can survive without breathing.
You are immune to petrification.
You are immune to rotting.


Message History

The water rises up and strikes you. The water nymph gestures at you.
The water rises up and strikes you.
You puncture the water nymph!
The water nymph is moderately wounded.
The merfolk aquamancer hits you but does no damage.
You bludgeon the water nymph!!
The water nymph is almost dead.
The water nymph gestures at you. The torrent of water hits you.
* * * LOW HITPOINT WARNING * * *
You are knocked back by the torrent of water.
You slam into the rock wall!
* * * LOW HITPOINT WARNING * * *
The wave splashes down.
The merfolk aquamancer casts a spell.
The merfolk aquamancer blinks!
The merfolk aquamancer points at you and mumbles some strange words.
The torrent of water hits you!
You die...

≈[. ≈≈≈≈≈.####.≈≈≈≈
≈≈≈≈≈≈.≈≈.≈≈≈≈≈ ≈
≈≈≈≈≈≈≈≈≈≈≈≈≈≈≈ ≈≈
≈≈≈≈≈≈≈≈≈≈≈≈≈ ≈≈≈
≈≈≈≈≈≈≈≈≈≈.. ≈≈P≈
≈≈≈≈≈≈≈≈≈t## ≈≈P≈≈
≈≈≈≈≈≈≈mmmk##...≈≈≈
.≈≈≈..≈§mm@≈....≈≈P
.≈≈≈.H≈§m####^.≈≈≈≈
?.≈≈.≈≈≈## .≈≈≈P
..≈≈≈...# ...P
..≈≈≈.≈........ .#P
#....≈≈k..P..?. #
..#.≈....PPP≈..
...≈≈≈...≈≈≈≈..
≈≈≈≈#...≈≈≈≈≈≈≈


You could see 2 merfolk aquamancers, a snapping turtle, a wind drake, a merfolk,
a manticore (wandering), a merfolk siren and 2 water nymphs.

Vanquished Creatures
  Gastronok (Lair:3)
  Rupert (Lair:4)
  A minotaur (Gauntlet)
  Snorg (Lair:3)
  A great orb of eyes (Gauntlet)
  Harold (D:9)
  An anaconda (Lair:6)
  5 hydras
  A catoblepas (Lair:6)
  3 death yaks (Lair:2)
  Sonja (Lair:3)
  2 slime creatures
  A wolf spider zombie (D:9)
  An ugly thing (Gauntlet)
  The ghost of Faustar the Conjurer, a novice DrCj (D:6)
  An oklob plant (Lair:5)
  A centaur zombie (D:7)
  6 elephants
  4 black mambas
  A merfolk siren (Lair:2)
  A water nymph (Shoals:1)
  2 torpor snails
  12 cane toads
  2 minotaur zombies (Gauntlet)
  12 komodo dragons
  2 rime drakes
  2 trolls
  Prince Ribbit (D:9)
  A hornet (Lair:6)
  10 blink frogs
  5 polar bears
  6 hippogriffs
  7 dream sheep
  A centaur simulacrum (D:8)
  2 water elementals (Shoals:1)
  14 spriggans (Lair:6)
  31 yaks
  A wyvern (Lair:5)
  A basilisk (Lair:6)
  Grum (D:9)
  A steam dragon (Lair:2)
  3 wargs (D:9)
  8 crocodiles
  An acid dragon (D:8)
  A naga (Lair:4)
  6 water moccasins
  8 porcupines
  2 sky beasts
  3 black bears
  3 orc warriors
  A swamp drake (D:8)
  An ice beast (D:8)
  A phantom (D:5)
  A necrophage (D:5)
  30 wolves
  5 ogres
  5 boggarts (Lair:6)
  4 centaurs
  20 bullfrogs
  3 big kobolds
  3 scorpions
  6 killer bees
  4 howler monkeys
  An electric eel (Lair:5)
  A crimson imp (D:8)
  A centaur skeleton (D:6)
  4 jellies
  A bullfrog skeleton (D:7)
  4 orc priests
  Natasha (thrice) (D:3)
  2 iguanas
  7 orc wizards
  3 worker ants
  A hound skeleton (D:5)
  A howler monkey skeleton (D:7)
  7 adders
  A shadow imp (D:7)
  A white imp (D:8)
  An ufetubus (D:8)
  2 oozes
  4 worms
  2 dart slugs (D:2)
  5 leopard geckos
  22 orcs
  A ball python (D:1)
  3 giant cockroaches
  7 goblins
  5 hobgoblins
  20 jackals
  13 kobolds
  A quokka (D:7)
  5 bats (D:1)
  4 frilled lizards
  8 rats
410 creatures vanquished.

Vanquished Creatures (collateral kills)
  A hornet (Lair:6)
  A spriggan (Lair:6)
2 creatures vanquished.

Vanquished Creatures (others)
  A wandering mushroom (Lair:5)
  9 fungi
  2 plants
12 creatures vanquished.

Grand Total: 424 creatures vanquished

Notes
Turn   | Place    | Note
-------+----------+-------------------------------------------
     0 | D:1      | Faustar the Gargoyle Berserker began the quest for the Orb.
     0 | D:1      | Reached XP level 1. HP: 14/14 MP: 1/1
   104 | D:1      | Reached XP level 2. HP: 9/19 MP: 2/2
   558 | D:1      | Reached XP level 3. HP: 24/24 MP: 3/3
   570 | D:1      | Reached ** piety under Trog
  1558 | D:2      | Reached skill level 4 in Maces & Flails
  1558 | D:2      | Reached XP level 4. HP: 29/30 MP: 4/4
  1966 | D:3      | Noticed Natasha
  1983 | D:3      | Killed Natasha
  1983 | D:3      | Reached XP level 5. HP: 21/34 MP: 5/5
  2077 | D:3      | Reached skill level 5 in Fighting
  2106 | D:3      | Reached *** piety under Trog
  2216 | D:3      | Noticed Natasha
  2232 | D:3      | Killed Natasha
  2375 | D:3      | Noticed Natasha
  2387 | D:3      | Killed Natasha
  2387 | D:3      | Reached skill level 5 in Maces & Flails
  2387 | D:3      | Reached XP level 6. HP: 39/40 MP: 6/6
  2667 | D:4      | Found an iron altar of Okawaru.
  2790 | D:4      | Noticed an orc warrior
  2799 | D:4      | HP: 3/61 [orc warrior/+0 battleaxe (13)]
  2802 | D:4      | Killed an orc warrior
  3005 | D:4      | Reached XP level 7. HP: 28/47 MP: 7/7
  3378 | D:4      | Found Jumpesoa's Armour Emporium.
  3428 | D:4      | Found a hazy altar of Hepliaklqana.
  3653 | D:5      | Entered Level 5 of the Dungeon
  3721 | D:5      | Reached skill level 6 in Maces & Flails
  4056 | D:5      | Reached XP level 8. HP: 45/53 MP: 8/8
  4097 | D:5      | Reached skill level 7 in Maces & Flails
  5151 | D:6      | Reached skill level 8 in Maces & Flails
  5159 | D:6      | Reached **** piety under Trog
  5727 | D:6      | Noticed Faustar's ghost (novice DrCj)
  5735 | D:6      | Found a runed translucent gate.
  5735 | D:6      | Found a runed translucent gate.
  5737 | D:6      | Found a runed translucent gate.
  5775 | D:6      | Killed Faustar's ghost
  5775 | D:6      | Reached XP level 9. HP: 62/62 MP: 9/9
  5980 | D:6      | Reached skill level 9 in Maces & Flails
  6059 | D:7      | Reached skill level 10 in Fighting
  6094 | D:7      | Found a staircase to the Ecumenical Temple.
  6171 | Temple   | Entered the Ecumenical Temple
  6379 | D:7      | Reached skill level 10 in Maces & Flails
  6490 | D:7      | Reached XP level 10. HP: 56/69 MP: 10/10
  7596 | D:8      | Reached skill level 11 in Maces & Flails
  7967 | D:8      | Found a runed translucent door.
  7967 | D:8      | Noticed Freyura's ghost (novice GrFi)
  8141 | D:9      | Reached ***** piety under Trog
  8192 | D:9      | Noticed Harold
  8250 | D:9      | Noticed Grum
  8367 | D:9      | Killed Grum
  8441 | D:9      | Found a flagged portal.
  8456 | Bailey   | Entered a bailey
  8456 | Bailey   | Noticed an orc knight
  8456 | Bailey   | Noticed an orc knight
  8562 | D:9      | Reached XP level 11. HP: 76/76 MP: 11/11
  8606 | D:9      | Reached skill level 12 in Maces & Flails
  8619 | D:9      | Found a staircase to the Lair.
  8667 | D:9      | Noticed Prince Ribbit
  8683 | D:9      | Killed Prince Ribbit
  8721 | Lair:1   | Entered Level 1 of the Lair of Beasts
  8807 | D:9      | Killed Harold
  9945 | Lair:2   | Reached skill level 5 in Armour
 10004 | Lair:2   | Reached skill level 13 in Maces & Flails
 10079 | Lair:2   | Noticed a death yak
 10079 | Lair:2   | Noticed a death yak
 10079 | Lair:2   | Noticed a death yak
 10210 | Lair:2   | Received a gift from Trog
 10211 | Lair:2   | Found the +16 sapphire dagger {flash freeze, rF- rC++ MR+}
 10229 | Lair:2   | Noticed an eight-headed hydra
 10286 | Lair:2   | Reached XP level 12. HP: 80/84 MP: 12/12
 10324 | Lair:2   | Noticed a five-headed hydra
 10479 | Lair:2   | Noticed a five-headed hydra
 10702 | Lair:2   | Killed a death yak
 10712 | Lair:2   | HP: 3/84 [death yak (15)]
 11021 | Lair:3   | Noticed Gastronok
 11038 | Lair:3   | Killed Gastronok
 11038 | Lair:3   | Reached skill level 14 in Maces & Flails
 11119 | Lair:3   | Noticed Snorg
 11142 | Lair:3   | Killed Snorg
 11476 | Lair:3   | Reached skill level 10 in Armour
 11633 | Lair:3   | Reached XP level 13. HP: 88/88 MP: 13/13
 11859 | Lair:3   | Noticed Sonja
 11867 | Lair:3   | Killed Sonja
 12168 | Lair:4   | Reached skill level 15 in Maces & Flails
 12382 | Lair:4   | Found a staircase to the Snake Pit.
 12483 | Lair:4   | Received a gift from Trog
 12879 | Lair:4   | Noticed Rupert
 12892 | Lair:4   | Killed Rupert
 13447 | Lair:5   | Found a gate leading to a gauntlet.
 13459 | Gauntlet | Entered a Gauntlet
 13459 | Gauntlet | Found a transporter.
 13468 | Gauntlet | Found a transporter.
 13478 | Gauntlet | Found a transporter.
 13478 | Gauntlet | Found a transporter.
 13480 | Gauntlet | Found a transporter.
 13506 | Gauntlet | Found a transporter.
 13511 | Gauntlet | Found a transporter.
 13526 | Gauntlet | Found a transporter.
 13545 | Gauntlet | Found a transporter.
 13549 | Gauntlet | Noticed a great orb of eyes
 13557 | Gauntlet | Found a transporter.
 13569 | Gauntlet | Found a transporter.
 13581 | Gauntlet | Found a transporter.
 13593 | Gauntlet | Found a transporter.
 13610 | Gauntlet | Found a transporter.
 13627 | Gauntlet | Found a transporter.
 13629 | Gauntlet | Found a transporter.
 13656 | Gauntlet | Found a transporter.
 13658 | Gauntlet | Found a transporter.
 13749 | Gauntlet | Reached skill level 16 in Maces & Flails
 13933 | Gauntlet | Killed a great orb of eyes
 13954 | Gauntlet | Got a twitching lead ring
 13956 | Gauntlet | Identified the ring of Jahaxzau {EV+2 Slay+2} (You found it
                  | in a Gauntlet)
 14005 | Gauntlet | Identified the ring of Vodadet {+Fly rC+}
 14005 | Gauntlet | Noticed a minotaur
 14019 | Gauntlet | Killed a minotaur
 14061 | Gauntlet | Got a scorched long sword
 14670 | Lair:5   | Reached skill level 17 in Maces & Flails
 14698 | Lair:5   | Gained mutation: Your large and strong wings let you fly
                  | indefinitely. [Gargoyle growth]
 14698 | Lair:5   | Reached XP level 14. HP: 94/94 MP: 14/14
 15217 | Lair:5   | Found a viscous altar of Jiyva.
 15220 | Lair:5   | Found a staircase to the Slime Pits.
 15338 | Slime:1  | Entered Level 1 of the Pits of Slime
 15391 | Lair:6   | Entered Level 6 of the Lair of Beasts
 15497 | Lair:6   | Found a shattered altar of Ashenzari.
 15650 | Lair:6   | Received a gift from Trog
 15728 | Lair:6   | Reached skill level 18 in Maces & Flails
 17514 | Lair:2   | Found a staircase to the Shoals.
 17581 | Shoals:1 | Entered Level 1 of the Shoals
 17614 | Shoals:1 | Killed from afar by a merfolk aquamancer

Skill      XL: |  1  2  3  4  5  6  7  8  9 10 11 12 13 14 |
---------------+-------------------------------------------+-----
Fighting       | 4 5 6 7 9 11 12 13 | 13.3
Maces & Flails | 4 5 6 8 10 11 13 14 17 18 | 18.9
Armour         | 6 10 11 | 11.0
Dodging        | |  1.5

Action                   |  1- 3 |  4- 6 |  7- 9 | 10-12 | 13-15 || total
-------------------------+-------+-------+-------+-------+-------++-------
Melee: Mace              |   153 |   122 |       |       |       ||   275
       Flail             |       |    28 |   214 |       |       ||   242
       Dire flail        |       |       |   115 |   702 |   841 ||  1658
Invok: Berserk           |       |     3 |     5 |    15 |     6 ||    29
       Trog's Hand       |       |       |     1 |     6 |     4 ||    11
       Brothers in Arms  |       |       |       |     1 |     1 ||     2
Evoke: Wand              |       |       |       |    15 |     4 ||    19
       Phial of floods   |       |       |       |     1 |     1 ||     2
       Fan of gales      |       |       |       |       |     2 ||     2
  Use: Scroll            |       |       |       |    24 |     8 ||    32
       Potion            |       |       |       |       |     2 ||     2
 Stab: Paralysed         |       |       |       |       |     3 ||     3
  Eat: Chunk             |     6 |    12 |    21 |    35 |    33 ||   107
       Ration            |       |       |     1 |     2 |     1 ||     4
Armor: Animal skin       |    13 |       |       |       |       ||    13
       Chain mail        |    82 |    94 |     2 |       |       ||   178
       Plate armour      |       |       |   275 |   506 |   466 ||  1247
Dodge: Dodged            |    90 |    58 |   127 |   262 |   275 ||   812
